 Dungeon Crawl Stone Soup version 0.30-a0-1160-g6e42c06551 (webtiles) character file.

Game seed: 7422215767552517926

112 Maxmaps the Shooter (level 4, -9/33 HPs)
             Began as a Demonspawn Hunter on Apr 26, 2023.
             Killed by divine providence
             ... invoked by an orc priest
              (14 damage)
             ... on level 3 of the Dungeon.
             The game lasted 00:01:46 (1634 turns).

Maxmaps the Shooter (Demonspawn Hunter)             Turns: 1634, Time: 00:01:47

Health: -9/33      AC:  5    Str: 11    XL:     4   Next: 63%
Magic:  4/4        EV: 11    Int: 13    God:
Gold:   90         SH:  0    Dex: 16    Spells: 3/3 levels left

rFire   . . .        a - +0 shortbow
rCold   . . .        (shield currently unavailable)
rNeg    . . .        c - +0 leather armour
rPois   .            (no helmet)
rElec   .            (no cloak)
rCorr   .            (no gloves)
SInv    .            (no boots)
Will    .....        (no amulet)
Stlth   +            (no ring)
HPRegen 0.25/turn    (no ring)
MPRegen 0.09/turn

%: no passive effects
@: no status effects
A: icy blue scales 1, powered by pain 1
a: no special abilities


You were on level 3 of the Dungeon.
You visited 1 branch of the dungeon, and saw 3 of its levels.

You collected 90 gold pieces.

Inventory:

Hand Weapons
 a - a +0 shortbow (weapon)
 n - a +2 heavy falchion
 s - the +4 mace of Instinct {freeze, Int+3 Dex+3}
   (You found it on level 2 of the Dungeon)

   Int:       It affects your intelligence (+3).
   Dex:       It affects your dexterity (+3).
Armour
 c - a +0 leather armour (worn)
Jewellery
 f - an amulet of guardian spirit
 l - a ring of resist corrosion
Scrolls
 b - a scroll of immolation
 d - 8 scrolls of identify {unknown}
 e - a scroll of magic mapping {unknown}
 g - a scroll of noise {unknown}
 h - 2 scrolls of fog {unknown}
 p - 2 scrolls of teleportation {unknown}
 q - 3 scrolls of blinking {unknown}
 r - a scroll of fear {unknown}
 t - a scroll of torment {unknown}
 u - a scroll of brand weapon {unknown}
 w - a scroll of vulnerability {unknown}
Potions
 i - a potion of attraction {unknown}
 j - 2 potions of curing {unknown}
 k - a potion of mutation {unknown}
 m - a potion of lignification {unknown}
 o - a potion of invisibility {unknown}
 v - 2 potions of might {unknown}


   Skills:
 - Level 2.0 Fighting
 + Level 5.5 Ranged Weapons
 - Level 1.7 Dodging
 - Level 0.8 Stealth


You had 3 spell levels left.
You didn't know any spells.
Your spell library contained the following spells:

 Spells                   Type           Power      Damage    Failure   Level
 Cigotuvi's Dreadful Rot  Necr/Pois/Air  0%         N/A       52%         2
 Dazzling Flash           Conj/Hex       0%         N/A       77%         3
 Ignite Poison            Fire/Tmut/Pois 0%         N/A       77%         3
 Summon Guardian Golem    Hex/Summ       0%         N/A       77%         3
 Dispel Undead            Necr           0%         3d6       99%         4
 Agony                    Necr           0%         N/A       100%        5
 Freezing Cloud           Conj/Ice/Air   0%         6-21      100%        5
 Silence                  Hex/Air        0%         N/A       100%        5
 Death Channel            Necr           0%         N/A       100%        6
 Orb of Destruction       Conj           0%         9d5       100%        7
 Spellforged Servitor     Conj/Summ      0%         N/A       100%        7


Dungeon Overview and Level Annotations

Branches:
Dungeon (3/15)

Altars:
Hepliaklqana
Sif Muna

Shops:
D:1 :

Annotations:
D:3 Ijyb


Innate Abilities, Weirdness & Mutations

You are partially covered in icy blue scales. (AC +2)
You sometimes gain a little power by taking damage.


Message History

The orc hits you with a +0 hand axe. Ijyb hits you with a +0 club.
The orc closely misses you. The orc hits you but does no damage.
The orc hits you with a +0 hand axe. Ijyb barely misses you.
You shoot an arrow. The arrow closely misses Ijyb.
Ijyb hits you with a +0 club. The orc hits you with a +0 hand axe.
* * * LOW HITPOINT WARNING * * *
The orc priest looks encouraged for a moment.
You are too injured to fight recklessly!
You are too injured to fight recklessly!
You are too injured to fight recklessly!
You are too injured to fight recklessly!
You are too injured to fight recklessly!
You are too injured to fight recklessly!
You are too injured to fight recklessly!
You are too injured to fight recklessly!
You are too injured to fight recklessly!
You are too injured to fight recklessly!
You are too injured to fight recklessly!
You are too injured to fight recklessly!
You are too injured to fight recklessly!
You are too injured to fight recklessly!
You are too injured to fight recklessly!
Unknown command.
The orc attacks as you move away! The orc hits you with a +0 hand axe.
* * * LOW HITPOINT WARNING * * *
The orc hits you but does no damage. Ijyb hits you with a +0 club.
* * * LOW HITPOINT WARNING * * *
Ijyb attacks as you move away! Ijyb hits you with a +0 club.
* * * LOW HITPOINT WARNING * * *
The orc priest miscasts a cantrip.
There is a stone staircase leading down here.
The orc attacks as you move away! The orc hits you but does no damage.
Okay, then.
The orc attacks as you move away! The orc hits you with a +0 hand axe.
* * * LOW HITPOINT WARNING * * *
The orc attacks as you move away! The orc hits you but does no damage.
The orc attacks as you move away! The orc closely misses you.
The orc priest mumbles some strange prayers to Beogh against you.
Beogh smites you!
You die...

..##.#.......#.#......##
#....##.....##.......#####
.....####.####..##.###...########
#.............#...##.....#......
##.......†.##..............#####
##.......##..............## #..
..##.......................# #.#
....................).....#####.#
$.##..#....og.oo@..........#..†.#
#....##........†.>#........#.####
#.... #......................#
..#.. #....>................##
....#...............#....#.##
...........##..........###..#
.#######.................##..#
..............####...#.##
....#.####.....######....#.


You could see Ijyb, an orc priest and 2 orcs.

Vanquished Creatures
  4 adders (D:2)
  2 worms (D:2)
  5 dart slugs
  5 endoplasms
  2 giant cockroaches
  7 goblins
  3 hobgoblins
  6 quokkas
  8 ball pythons
  4 bats
  5 frilled lizards
  8 kobolds
  3 rats
62 creatures vanquished.

Notes
Turn   | Place    | Note
-------+----------+-------------------------------------------
     0 | D:1      | Maxmaps the Demonspawn Hunter began the quest for the Orb.
     0 | D:1      | Reached XP level 1. HP: 16/16 MP: 1/1
    74 | D:1      | Reached skill level 4 in Ranged Weapons
   117 | D:1      | Gained mutation: You sometimes gain a little power by
                  | taking damage. [demonic ancestry]
   117 | D:1      | Reached XP level 2. HP: 22/22 MP: 2/2
   256 | D:1      | Found Ocliracw's Book Shoppe.
   333 | D:1      | Found a faded altar of an unknown god.
   364 | D:1      | Gained mutation: You are partially covered in icy blue
                  | scales. (AC +2) [demonic ancestry]
   364 | D:1      | Reached XP level 3. HP: 27/27 MP: 3/3
   779 | D:2      | Found a shimmering blue altar of Sif Muna.
   857 | D:2      | Reached skill level 5 in Ranged Weapons
   958 | D:2      | Reached XP level 4. HP: 33/33 MP: 4/4
  1241 | D:2      | Identified the +4 mace of Instinct {freeze, Int+3 Dex+3}
  1573 | D:3      | Found a hazy altar of Hepliaklqana.
  1617 | D:3      | Noticed Ijyb
  1634 | D:3      | Killed from afar by an orc priest

Illustrated notes

Levels and vault maps discovered:
D:1:      spicycebolla_arrival_clurvy, layout_loops_ring, serial_shops,
          nicolae_book_shop_shelving, basic_ecumenical_altar
D:2:      layout_rooms, basic_altar, chequers_serial_rivers_small_b,
          grunt_ministairs_2, st_stairs_1, minmay_fractal_squares_5
D:3:      layout_rooms, old_standard_altar, serial_shops, shop, uniq_sigmund,
          uniq_ijyb

Skill      XL: |  1  2  3 |
---------------+----------+-----
Ranged Weapons | 4 5 |  5.5
Fighting       | |  2.0
Dodging        | |  1.7
Stealth        | |  0.8

Action                     |  1- 3 |  4- 6 || total
---------------------------+-------+-------++-------
   Fire: Shortbow          |   119 |    59 ||   178
 Armour: Leather armour    |    16 |    17 ||    33
  Dodge: Dodged            |    34 |    27 ||    61

Table legend: (Time is in decaauts)
 A = Elapsed time spent in this place.
 B = Non-inter-level travel time spent in this place.
 C = Inter-level travel time spent in this place.
 D = Time resting spent in this place.
 E = Time spent auto-exploring this place.
 F = Levels seen in this place.
 G = Mean time per level.
                   A        B        C        D        E       F      G
               +--------+--------+--------+--------+--------+-----+--------+
         Total |   1689 |   1579 |    110 |      0 |   1227 |   3 |  563.0 |
       Dungeon |   1689 |   1579 |    110 |      0 |   1227 |   3 |  563.0 |
               +--------+--------+--------+--------+--------+-----+--------+

Top non-repeatable levels by time:
     D:1: 797 daAuts
     D:2: 707 daAuts
     D:3: 184 daAuts
